 Dungeon Crawl Stone Soup version 0.32-a0-975-g85d4e5bfdb (webtiles) character file.

Game seed: 6479188494761635819

337 Pooter the Slasher (level 6, -6/53 HPs)
             Began as a Gnoll Chaos Knight on Apr 19, 2024.
             Was a Plaything of Xom.
             Mangled by Sigmund
             ... wielding a +0 scythe
              (9 damage)
             ... on level 5 of the Dungeon.
             The game lasted 00:20:52 (3693 turns).

Pooter the Slasher (Gnoll Chaos Knight)             Turns: 3693, Time: 00:20:52

Health: -6/53      AC:  5    Str: 11    XL:     6   Next: 54%
Magic:  9/9        EV: 11    Int: 15    God:    Xom [...*..]
Gold:   0          SH:  0    Dex: 12    Spells: 7/9 levels left

rFire   . . .        r - +2 great sword (protect)
rCold   + . .        (shield currently unavailable)
rNeg    + . .        b - +2 leather armour
rPois   .            (no helmet)
rElec   .            (no cloak)
rCorr   .            (no gloves)
SInv    .            (no boots)
Will    .....        (no amulet)
Stlth   +            N - ring of positive energy
HPRegen 0.28/turn    (no ring)
MPRegen 0.11/turn

%: no passive effects
@: confused
A: fangs 1, strong nose, distributed training, clever 1, cold resistance 1
a: Renounce Religion


You were on level 5 of the Dungeon.
You worshipped Xom.
You were a favourite toy of Xom.
You visited 1 branch of the dungeon, and saw 5 of its levels.

You collected 299 gold pieces.
You spent 299 gold pieces at shops.

Inventory:

Hand Weapons
 a - a +0 falchion of chaos
 r - a +2 great sword of protection (weapon)
   (You bought it in a shop on level 1 of the Dungeon)
Missiles
 f - 8 boomerangs (quivered)
 Q - 29 stones
Armour
 b - a +2 leather armour (worn)
 h - a +0 buckler
   (You found it on level 1 of the Dungeon)
Jewellery
 q - a ring of fire
   (You found it on level 4 of the Dungeon)
 N - a ring of positive energy (left hand)
   (You found it on level 2 of the Dungeon)
Wands
 D - a wand of digging (7)
   (You found it on level 4 of the Dungeon)
Scrolls
 c - a scroll of butterflies
 e - a scroll of enchant armour
 g - 4 scrolls of immolation {!r}
 i - a scroll of noise {unknown}
 l - a scroll of fear
 n - a scroll of fog {unknown}
 o - a scroll of amnesia {unknown}
 t - 6 scrolls of teleportation {@r4}
Potions
 d - 2 potions of brilliance {unknown}
 j - 4 potions of haste {@q3}
 k - 3 potions of resistance {unknown}
 m - a potion of lignification {unknown}
 p - a potion of invisibility {unknown}
 s - a potion of mutation {unknown}


   Skills:
 + Level 6.9 Fighting
 + Level 2.1 Short Blades
 + Level 6.9 Long Blades
 + Level 2.1 Axes
 + Level 2.1 Maces & Flails
 + Level 2.1 Polearms
 + Level 2.1 Staves
 + Level 2.1 Ranged Weapons
 + Level 2.1 Throwing
 + Level 5.0 Armour
 + Level 3.3 Dodging
 + Level 2.1 Stealth
 + Level 2.1 Shields
 + Level 2.1 Unarmed Combat
 + Level 2.1 Spellcasting
 + Level 1.6 Conjurations
 + Level 1.6 Hexes
 + Level 1.6 Summonings
 + Level 1.6 Necromancy
 + Level 1.6 Translocations
 + Level 1.6 Fire Magic
 + Level 1.6 Ice Magic
 + Level 1.6 Air Magic
 + Level 1.6 Earth Magic
 + Level 1.6 Alchemy
 + Level 2.3 Invocations
 + Level 2.1 Evocations
 + Level 1.9 Shapeshifting


You had 7 spell levels left.
You knew the following spells:

 Your Spells              Type           Power      Damage    Failure   Level
a - Mercury Vapours       Alch/Air       12%        N/A       22%         2

Your spell library contained the following spells:

 Spells                   Type           Power      Damage    Failure   Level
 Dazzling Flash           Conj/Hex       12%        N/A       38%         3
 Hailstorm                Conj/Ice       6%         3d5       38%         3
 Mephitic Cloud           Conj/Alch/Air  6%         N/A       38%         3
 Summon Ice Beast         Ice/Summ       6%         N/A       38%         3
 Freezing Cloud           Conj/Ice/Air   3%         6-21      98%         5
 Silence                  Hex/Air        3%         N/A       98%         5
 Permafrost Eruption      Ice/Erth       3%         2x4d2     100%        6
 Sculpt Simulacrum        Ice/Alch       3%         N/A       100%        6


Dungeon Overview and Level Annotations

Branches:
Dungeon (5/15) Zot: 26290
 Temple: D:4-7

Altars:
Ashenzari
Gozag
Nemelex Xobeh
Wu Jian
Xom

Shops:
D:1 *

Portals:
Sewer: D:5

Annotations:
D:5 Sigmund


Innate Abilities, Weirdness & Mutations

You have very sharp teeth.
Your uncanny sense of smell can sniff out nearby items.
Your experience applies equally to all skills.
Your mind is acute. (Int +4, Str/Dex -1)
Your flesh is cold resistant. (rC+)


Message History

* * * LOW HITPOINT WARNING * * *
Something hits you but does no damage. The giant cockroach closely misses you.
You closely miss something.
The giant cockroach bites you but does no damage.
The river rat bites you but does no damage.
Something hits you but does no damage.
You miss something.
The giant cockroach bites you but does no damage.
The river rat bites you.
* * * LOW HITPOINT WARNING * * *
The giant cockroach closely misses you. The river rat bites you!
* * * LOW HITPOINT WARNING * * *
Something hits you but does no damage.
You closely miss something. Your bite misses something.
The giant cockroach barely misses you. The river rat misses you.
The giant cockroach closely misses you. Something hits you.
* * * LOW HITPOINT WARNING * * *
You closely miss something. Your bite misses something.
The river rat barely misses you.
The giant cockroach splashes around in the water.
The river rat misses you.
Unknown command.
You miss something. You bite something.
The giant cockroach bites you but does no damage.
Something barely misses you. The giant cockroach closely misses you.
The river rat bites you!
* * * LOW HITPOINT WARNING * * *
Unknown command.
You barely miss something.
You hear a splashing noise.
The giant cockroach splashes around in the water.
The river rat closely misses you. The giant cockroach closely misses you.
You miss something. The river rat bites you.
* * * LOW HITPOINT WARNING * * *
You hear some strange, mumbled words.
You are confused.
The giant cockroach bites you but does no damage.
The river rat bites you.
* * * LOW HITPOINT WARNING * * *
Something hits you.
* * * LOW HITPOINT WARNING * * *
Unknown command.
You're too confused to move!
The giant cockroach bites you but does no damage.
The river rat barely misses you.
Unknown command.
Something hits you!
You die...

## .. .# # .# #.
$# #..######.#
#.........#
#.....rB@.#####
#...~~~†........
#..~~~~{..#.####
#..~~∩~~..# #
#..~~~~~....
#...~~~....##
#..........#
#...(......#
##.........#


You could see a river rat and a giant cockroach.

Vanquished Creatures
  A scorpion (D:4)
  2 bombardier beetles (D:3)
  An iguana (D:4)
  2 orc wizards (D:5)
  4 adders
  A river rat (D:5)
  A dart slug (D:2)
  3 ribbon worms
  6 orcs
  8 bats
  9 endoplasms
  A giant cockroach (D:3)
  6 goblins
  7 hobgoblins
  4 quokkas
  11 ball pythons
  5 frilled lizards
  9 kobolds
  6 rats
87 creatures vanquished.

Notes
Turn   | Place    | Note
-------+----------+-------------------------------------------
     0 | D:1      | Pooter the Gnoll Chaos Knight began the quest for the Orb.
     0 | D:1      | Reached XP level 1. HP: 23/23 MP: 1/1
    45 | D:1      | Found a faded altar of an unknown god.
   157 | D:1      | XOM: divination: magic mapping
   159 | D:1      | Reached XP level 2. HP: 29/29 MP: 2/2
   335 | D:1      | XOM: divination: magic mapping
   336 | D:1      | Found Kalouf's Assorted Antiques.
   346 | D:1      | Bought a scroll labelled HORUOVA WUIQ for 26 gold pieces
   346 | D:1      | Bought a scroll labelled HORUOVA WUIQ for 26 gold pieces
   545 | D:1      | Reached XP level 3. HP: 33/35 MP: 3/3
   850 | D:2      | Reached skill level 1 in Invocations
   963 | D:2      | XOM: smoke on damage
   964 | D:2      | XOM: noise
   982 | D:2      | Reached skill level 1 in Short Blades
   982 | D:2      | Reached skill level 1 in Axes
   982 | D:2      | Reached skill level 1 in Maces & Flails
   982 | D:2      | Reached skill level 1 in Polearms
   982 | D:2      | Reached skill level 1 in Staves
   982 | D:2      | Reached skill level 1 in Ranged Weapons
   982 | D:2      | Reached skill level 1 in Throwing
   982 | D:2      | Reached skill level 1 in Stealth
   982 | D:2      | Reached skill level 1 in Shields
   982 | D:2      | Reached skill level 1 in Unarmed Combat
   982 | D:2      | Reached skill level 1 in Spellcasting
   982 | D:2      | Reached skill level 1 in Evocations
  1172 | D:2      | XOM: 10-stop teleportation journey
  1251 | D:2      | Reached skill level 1 in Shapeshifting
  1251 | D:2      | Reached XP level 4. HP: 39/41 MP: 5/5
  1711 | D:3      | Reached skill level 1 in Conjurations
  1711 | D:3      | Reached skill level 1 in Hexes
  1711 | D:3      | Reached skill level 1 in Summonings
  1711 | D:3      | Reached skill level 1 in Necromancy
  1711 | D:3      | Reached skill level 1 in Translocations
  1711 | D:3      | Reached skill level 1 in Fire Magic
  1711 | D:3      | Reached skill level 1 in Ice Magic
  1711 | D:3      | Reached skill level 1 in Air Magic
  1711 | D:3      | Reached skill level 1 in Earth Magic
  1711 | D:3      | Reached skill level 1 in Alchemy
  1818 | D:3      | Found an ornate altar of the Wu Jian Council.
  1818 | D:3      | XOM: 8-stop teleportation journey
  1866 | D:3      | Reached XP level 5. HP: 21/47 MP: 5/7
  1919 | D:3      | XOM: scenery: 6 doors close
  1998 | D:3      | Found a broken altar of Ashenzari.
  2101 | D:3      | XOM: give mutation
  2101 | D:3      | Gained mutation: Your mind is acute. (Int +4, Str/Dex -1)
                  | [Xom's grace]
  2107 | D:3      | XOM: confuse monster(s)
  2112 | D:3      | XOM: scenery: create altars
  2114 | D:3      | XOM: scenery: summon butterflies
  2345 | D:3      | XOM: silly message
  2505 | D:4      | Found an opulent altar of Gozag.
  2542 | D:4      | XOM: swap monsters
  2600 | D:4      | XOM: confuse monster(s)
  2714 | D:4      | Learned a level 2 spell: Mercury Vapours
  2731 | D:4      | Found a sparkling altar of Nemelex Xobeh.
  3194 | D:4      | XOM: give mutation
  3194 | D:4      | Gained mutation: Your flesh is cold resistant. (rC+) [Xom's
                  | grace]
  3383 | D:1      | Bought a glowing great sword for 247 gold pieces
  3386 | D:1      | XOM: god gift: robe {god gift}
  3473 | D:4      | Reached skill level 5 in Armour
  3473 | D:4      | Reached XP level 6. HP: 53/53 MP: 7/9
  3574 | D:5      | Entered Level 5 of the Dungeon
  3676 | D:5      | Found a glowing drain.
  3676 | D:5      | Noticed Sigmund
  3691 | D:5      | HP: 2/53 [something (1)]
  3693 | D:5      | Mangled by Sigmund

Illustrated notes

Levels and vault maps discovered:
D:1:      sevenhm_arrival_forest_fort_large_2, layout_loops_ring,
          shapermc_ecumenical_altar_starsandcircs, serial_shops,
          nicolae_shop_dealshenge
D:2:      layout_basic, eino_tiny_chamber
D:3:      layout_loops_ring, mainiacjoe_overflow_catwalk,
          mainiacjoe_overflow_24_doors, minmay_three_crescents
D:4:      layout_basic, grunt_gozag_statues, nemelex_altar_shiori,
          roderic_roman_lattice, chequers_serial_rivers_micro_b
D:5:      layout_loops_ring, nicolae_overflow_hidden_temple, lemuel_tele_altar,
          portal_sewer_entry_a, uniq_eustachio, uniq_sigmund

Skill      XL: |  1  2  3  4  5 |
---------------+----------------+-----
Invocations    | 1 2 |  2.3
Short Blades   | 1 2 |  2.1
Axes           | 1 2 |  2.1
Maces & Flails | 1 2 |  2.1
Polearms       | 1 2 |  2.1
Staves         | 1 2 |  2.1
Ranged Weapons | 1 2 |  2.1
Throwing       | 1 2 |  2.1
Stealth        | 1 2 |  2.1
Shields        | 1 2 |  2.1
Unarmed Combat | 1 2 |  2.1
Spellcasting   | 1 2 |  2.1
Evocations     | 1 2 |  2.1
Shapeshifting  | 1 |  1.9
Conjurations   | 1 |  1.6
Hexes          | 1 |  1.6
Summonings     | 1 |  1.6
Necromancy     | 1 |  1.6
Translocations | 1 |  1.6
Fire Magic     | 1 |  1.6
Ice Magic      | 1 |  1.6
Air Magic      | 1 |  1.6
Earth Magic    | 1 |  1.6
Alchemy        | 1 |  1.6
Dodging        | 3 |  3.3
Armour         | 5 |  5.0
Fighting       | |  6.9
Long Blades    | |  6.9

Action                     |  1- 3 |  4- 6 || total
---------------------------+-------+-------++-------
  Melee: Falchion          |   108 |   106 ||   214
         Bite              |    10 |    10 ||    20
         Great sword       |       |    23 ||    23
  Throw: Boomerang         |       |     5 ||     5
   Cast: Mercury Vapours   |       |     4 ||     4
    Use: Scroll            |     2 |     4 ||     6
   Stab: Sleeping          |     5 |     2 ||     7
         Confused          |     2 |     2 ||     4
 Armour: Leather armour    |    65 |    96 ||   161
  Dodge: Dodged            |    46 |    67 ||   113
  Block: Buckler           |     5 |    16 ||    21

Table legend: (Time is in decaauts)
 A = Elapsed time spent in this place.
 B = Non-inter-level travel time spent in this place.
 C = Inter-level travel time spent in this place.
 D = Time resting spent in this place.
 E = Time spent auto-exploring this place.
 F = Levels seen in this place.
 G = Mean time per level.
                   A        B        C        D        E       F      G
               +--------+--------+--------+--------+--------+-----+--------+
         Total |   3708 |   3483 |    225 |    193 |   2574 |   5 |  741.6 |
       Dungeon |   3708 |   3483 |    225 |    193 |   2574 |   5 |  741.6 |
               +--------+--------+--------+--------+--------+-----+--------+

Top non-repeatable levels by time:
     D:4: 1092 daAuts
     D:1: 838 daAuts
     D:3: 836 daAuts
     D:2: 813 daAuts
     D:5: 126 daAuts
